 Dungeon Crawl Stone Soup version 0.27-a0-1256-gced786f65e (webtiles) character file.

Game seed: 8872785531830469320

1639 deletemesenpai the Chopper (level 8, -18/70 HPs)
             Began as a Hill Orc Fighter on June 10, 2021.
             Was an Initiate of Beogh.
             Demolished by a lorocyproca (25 damage)
             ... on level 1 of the Abyss.
             The game lasted 00:24:43 (7165 turns).

deletemesenpai the Chopper (Hill Orc Fighter)       Turns: 7165, Time: 00:24:43

Health: -18/70     AC: 17    Str: 20    XL:     8   Next: 99%
Magic:  0/8        EV:  8    Int:  8    God:    Beogh [......]
Gold:   214        SH: 10    Dex: 11    Spells: 7/7 levels left

rFire    . . .     SeeInvis .   v - +3 spear
rCold    . . .     Faith    .   c - +0 kite shield
rNeg     . . .     Spirit   .   x - +0 plate armour
rPois    +         Reflect  .   f - +0 helmet
rElec    .         Harm     .   (no cloak)
rCorr    .         Rampage  .   A - +1 pair of gloves
Will     .....                  i - +0 pair of boots
Stlth    ..........             (no amulet)
HPRegen  0.00/turn              z - +4 ring of evasion
MPRegen  0.11/turn              h - ring of poison resistance

@: mighty, diseased
A: no striking features
a: Renounce Religion


You were on level 1 of the Abyss.
You worshipped Beogh.
Beogh was noncommittal.
You visited 1 branch of the dungeon, and saw 7 of its levels.
You visited the Abyss 1 time.
You also visited: Sewer.

You collected 214 gold pieces.

Inventory:

Hand Weapons
 a - a +0 war axe
 v - a +3 spear (weapon)
Missiles
 t - 9 boomerangs (quivered)
 w - 37 poisoned darts
 y - 4 silver javelins
Armour
 c - a +0 kite shield (worn)
 f - a +0 helmet (worn)
 i - a +0 pair of boots (worn)
 r - a +1 ring mail of fire resistance
 x - a +0 plate armour (worn)
 A - a +1 pair of gloves (worn)
Jewellery
 h - a ring of poison resistance (right hand)
 z - a +4 ring of evasion (left hand)
Scrolls
 b - a scroll of acquirement {unknown}
 e - 2 scrolls of teleportation
 j - a scroll of enchant weapon {unknown}
 k - a scroll of identify
 l - 2 scrolls of magic mapping {unknown}
 p - 2 scrolls of amnesia {unknown}
 q - a scroll of blinking {unknown}
 u - a scroll of fog {unknown}
Potions
 g - a potion of curing
 m - a potion of heal wounds {unknown}
 n - a potion of magic
 o - a potion of invisibility


   Skills:
 + Level 6.1 Fighting
 + Level 7.6(8.5) Axes
 + Level 4.9(6.4) Polearms
 + Level 0.6 Throwing
 + Level 6.1 Armour
 + Level 6.8 Shields


You had 7 spell levels left.
You didn't know any spells.
Your spell library was empty.

Dungeon Overview and Level Annotations

Branches:
Dungeon (7/15)             Temple (0/1) D:4           Sewer (visited)

Altars:
Elyvilon
Fedhas
Gozag
Trog
Uskayaw
Wu Jian

Shops:
D:5 *

Portals:
Abyss: D:5

Annotations:
D:5 1 transporter, hilljack's ghost, novice GrTm
D:6 Menkaure


Message History

There is a strange disturbance nearby!
You start resting.
A ynoxinul comes into view.
Press: ? - help, . - travel You can't see that place.
Something hits you!!
You feel your power leaking away.
Deactivating autopickup; reactivate with Ctrl-A.
The ynoxinul bellows!
The ynoxinul gestures.
Something hits you!!
You feel your power leaking away.
The ynoxinul gestures.
Found 17 gold pieces.
Press: ? - help, v - describe, . - travel The floor.
Found 11 gold pieces.
Okay, then.
Found 25 gold pieces.
You feel yourself growing ill in the presence of the ancient zyme.
The ufetubus disappears in a puff of smoke!
The ufetubus disappears in a puff of smoke!
You feel ill.
You feel ill.
You feel ill. Something hits you but does no damage.
Your plate armour prevents you from hitting something.
Something hits you!
* * * LOW HITPOINT WARNING * * *
You feel your power leaking away.
You feel better. You block something's attack.
You feel better. Something hits you.
You feel very mighty all of a sudden. Something hits you!
You miss something. Something hits you!
* * * LOW HITPOINT WARNING * * *
You hit something. Something hits you!
* * * LOW HITPOINT WARNING * * *
You barely miss something. Something hits you!!
You die...

# . ... #.#
. .. ...
#..x.# #.#
## # ###..#
.{.#..##.# .
#..##.
...#...# .#.
...##.#
##.#.# #
.###.##.#.
#..# # #
#... #.x.###
# .
#.######{.##
... #@##.#
.#. ### ##
#.#


There were no monsters in sight!

Vanquished Creatures
  A centaur zombie (D:5)
  A water moccasin (D:5)
  A sky beast (D:5)
  2 black bears
  2 bullfrogs (Sewer)
  A scorpion (D:5)
  A water moccasin skeleton (D:5)
  4 wights (D:4)
  A howler monkey (D:5)
  2 hounds (D:5)
  3 iguanas
  4 orc wizards (D:6)
  2 hound zombies (D:5)
  7 adders
  A river rat (D:3)
  A shadow imp (D:5)
  2 worms
  3 dart slugs
  5 orcs
  13 ball pythons
  16 endoplasms
  14 giant cockroaches
  3 goblins
  6 hobgoblins
  7 jackals
  10 quokkas
  A bat (D:1)
  11 frilled lizards
  7 kobolds
  7 rats
139 creatures vanquished.

Vanquished Creatures (others)
  An orc wizard (D:6)
1 creature vanquished.

Grand Total: 140 creatures vanquished

Notes
Turn   | Place    | Note
-------+----------+-------------------------------------------
     0 | D:1      | deletemesenpai the Hill Orc Fighter began the quest for the
                  | Orb.
     0 | D:1      | Reached XP level 1. HP: 19/19 MP: 1/1
   191 | D:1      | Reached XP level 2. HP: 21/27 MP: 2/2
   705 | D:1      | Reached skill level 3 in Axes
   832 | D:1      | Reached XP level 3. HP: 31/33 MP: 3/3
  1650 | D:2      | Found a faded altar of an unknown god.
  1670 | D:2      | Reached XP level 4. HP: 40/40 MP: 4/4
  1992 | D:3      | You fall into a shaft and drop 1 floor!
  2189 | D:3      | Found a glowing drain.
  2192 | D:3      | Reached skill level 4 in Axes
  2197 | Sewer    | Entered a sewer
  2655 | Sewer    | Reached XP level 5. HP: 47/47 MP: 5/5
  2799 | Sewer    | Reached skill level 5 in Axes
  2808 | Sewer    | Reached XP level 6. HP: 25/53 MP: 6/6
  3257 | D:4      | Noticed a black bear
  3640 | D:4      | Found a staircase to the Ecumenical Temple.
  4117 | D:4      | Killed a black bear
  4118 | D:4      | Reached skill level 6 in Axes
  4118 | D:4      | Reached skill level 5 in Shields
  4312 | D:4      | Reached skill level 5 in Fighting
  4312 | D:4      | Reached XP level 7. HP: 47/61 MP: 7/7
  4516 | D:5      | Entered Level 5 of the Dungeon
  4535 | D:5      | Reached skill level 5 in Armour
  4597 | D:5      | You fall into a shaft and drop 2 floors!
  4620 | D:7      | Reached skill level 7 in Axes
  4685 | D:5      | Found Eschal's General Store.
  4714 | D:5      | Reached XP level 8. HP: 57/69 MP: 8/8
  4823 | D:5      | Found a transporter.
  4852 | D:5      | Found a one-way gate to the infinite horrors of the Abyss.
  4856 | D:5      | Noticed hilljack's ghost (novice GrTm)
  4864 | D:5      | Found a transporter.
  5068 | D:5      | Found a hide-covered altar of Uskayaw.
  5328 | D:5      | Found an ornate altar of the Wu Jian Council.
  5492 | D:5      | Became a worshipper of Beogh the Brigand
  6199 | D:5      | Found a blossoming altar of Fedhas.
  6628 | D:6      | Found a white marble altar of Elyvilon.
  6633 | D:6      | Found an opulent altar of Gozag.
  6636 | D:6      | Found a bloodstained altar of Trog.
  6671 | D:6      | Noticed Menkaure
  7032 | D:5      | Cast into level 1 of the Abyss (gnoll)
  7032 | Abyss:1  | Found a corrupted altar of Lugonu.
  7100 | Abyss:1  | Noticed a ynoxinul
  7103 | Abyss:1  | Found a corrupted altar of Lugonu.
  7137 | Abyss:1  | Noticed an ancient zyme
  7165 | Abyss:1  | Demolished by a lorocyproca

Illustrated notes

Levels and vault maps discovered:
D:1:      psy_arrival_radial02, layout_basic
D:2:      layout_rooms, basic_ecumenical_altar
D:3:      layout_rooms, gup_sewer_entry_bubbles
D:4:      layout_loops_ring, minmay_temple_entry_trees, dk_rats_in_the_wall
D:5:      layout_basic, lemuel_coloured_pillars_altar,
          nicolae_uskayaw_murder_on_the_dancefloor,
          nicolae_wu_jian_immortal_techniques, serial_shops, shop,
          gammafunk_ghost_abyssal_escape
D:6:      minmay_flawed_box, layout_loops_cross,
          grunt_temple_overflow_lords_of_destruction,
          grunt_temple_overflow_diamond, okawaru_altar_gauntlet_db,
          uniq_menkaure
D:7:      layout_loops_cross, nicolae_ashenzari_panopticon
Abyss:1:  base: D:2, base: D:1, evilmike_abyss_exit_1

Skill      XL: |  1  2  3  4  5  6  7  8 |
---------------+-------------------------+-----
Fighting       | 4 5 6 |  6.1
Axes           | 3 4 5 6 7 |  7.6
Armour         | 4 5 6 |  6.1
Shields        | 4 5 6 |  6.8
Polearms       | 2 4 |  4.9
Throwing       | |  0.6

Action                   |  1- 3 |  4- 6 |  7- 9 || total
-------------------------+-------+-------+-------++-------
Melee: War axe           |    93 |   254 |    69 ||   416
       Spear             |       |       |   143 ||   143
Throw: Boomerang         |       |       |     2 ||     2
Invok: Convert to Beogh  |       |       |     1 ||     1
  Use: Scroll            |       |     4 |       ||     4
       Potion            |       |       |     3 ||     3
Armor: Scale mail        |    49 |   105 |       ||   154
       Ring mail         |       |    35 |    11 ||    46
       Plate armour      |       |       |   139 ||   139
Dodge: Dodged            |    33 |    97 |    42 ||   172
Block: Kite shield       |    42 |   174 |    94 ||   310

Table legend: (Time is in decaauts)
 A = Elapsed time spent in this place.
 B = Non-inter-level travel time spent in this place.
 C = Inter-level travel time spent in this place.
 D = Time resting spent in this place.
 E = Time spent auto-exploring this place.
 F = Levels seen in this place.
 G = Mean time per level.
                   A        B        C        D        E       F      G
               +--------+--------+--------+--------+--------+-----+--------+
         Total |   7523 |   7504 |     19 |   2015 |   3103 |   9 |  835.9 |
       Dungeon |   6315 |   6296 |     19 |   1660 |   2809 |   7 |  902.1 |
         Abyss |    132 |    132 |      0 |     65 |      0 |   1 |  132.0 |
         Sewer |   1075 |   1075 |      0 |    290 |    293 |   1 | 1075.0 |
               +--------+--------+--------+--------+--------+-----+--------+

Top non-repeatable levels by time:
     D:5: 2076 daAuts
     D:1: 1342 daAuts
   Sewer: 1075 daAuts
     D:4: 1047 daAuts
     D:2: 873 daAuts
     D:3: 520 daAuts
     D:6: 384 daAuts
 Abyss:1: 132 daAuts
     D:7: 71 daAuts
